 Dungeon Crawl Stone Soup version 0.31-a0-339-gda1cbd555d (webtiles) character file.

Game seed: 14064627112176354387

302 LustLizard the Ruffian (level 6, -2/41 HPs)
             Began as an Octopode Shapeshifter on July 21, 2023.
             Splashed by a jelly's acid (5 damage)
             ... on level 4 of the Dungeon.
             The game lasted 00:07:28 (4632 turns).

LustLizard the Ruffian (Octopode Shapeshifter)      Turns: 4632, Time: 00:07:29

Health: -2/41      AC: -15   Str: 16    XL:     6   Next: 37%
Magic:  6/6        EV: 13    Int: 11    God:
Gold:   98         SH:  0    Dex: 12    Spells: 5/5 levels left

rFire   . .          .
                       - Unarmed
rCold   . . .        (no shield)
rNeg    . . .        (helmet currently unavailable)
rPois   .            (no amulet)
rElec   .            (no ring)
rCorr   .            (no ring)
SInv    .            (no ring)
Will    .....        (no ring)
Stlth   +++          (no ring)
HPRegen 0.26/turn    (no ring)
MPRegen 0.10/turn    (no ring)
                     (no ring)

%: no passive effects
@: beast-form, corroded
A: beast (slay +2), almost no armour, amphibious, 8 rings, camouflage 1,
gelatinous body 1, (nimble swimmer 1), tentacles
a: Begin Untransformation


You were on level 4 of the Dungeon.
You were a hulking beast.
You visited 1 branch of the dungeon, and saw 4 of its levels.
You also visited: Sewer.

You collected 228 gold pieces.
You spent 130 gold pieces at shops.

Inventory:

Talismans
 b - a beast talisman
Wands
 k - a wand of digging (8)
Scrolls
 c - 2 scrolls of identify
 d - 2 scrolls of poison
 e - 2 scrolls of teleportation {unknown}
 f - 2 scrolls of enchant armour {unknown}
 g - a scroll of fog {unknown}
 h - a scroll of revelation {unknown}
 i - a scroll of immolation {unknown}
 n - 2 scrolls of blinking
 o - a scroll of enchant weapon {unknown}
Potions
 a - a potion of lignification
 j - a potion of heal wounds
 l - a potion of berserk rage {unknown}
 m - 6 potions of curing
 p - a potion of mutation {unknown}


   Skills:
 + Level 2.8 Fighting
 - Level 2.0 Dodging
 + Level 3.5 Stealth
 * Level 4.9 Unarmed Combat
 + Level 3.7 Shapeshifting


You had 5 spell levels left.
You didn't know any spells.
Your spell library contained the following spells:

 Spells                   Type           Power      Damage    Failure   Level
 Freeze                   Ice            0%         1d3       34%         1
 Frozen Ramparts          Ice            0%         1d1       71%         3
 Hailstorm                Conj/Ice       0%         3d3       71%         3


Dungeon Overview and Level Annotations

Branches:
Dungeon (4/15)              Sewer (visited)
 Temple: D:4-7

Altars:
Elyvilon

Shops:
D:3 *!*=(   D:4 *

Annotations:
D:4 2 transporters


Innate Abilities, Weirdness & Mutations

You are a hulking beast.
Your limbs bulge with bestial killing power. (Slay +2)
You cannot wear most types of armour.
You are amphibious.
You can wear up to eight rings at the same time.
Your skin changes colour to match your surroundings (Stealth+).
Your rubbery body absorbs attacks. (AC +1, EV +1)
((You are camouflaged when in or above water. (Stealth+)))
You have tentacles for arms and can constrict up to eight enemies at once.


Message History

You tentacle-slap the iguana. Your squeeze misses the iguana.
The iguana is almost dead.
You constrict the iguana.
You kill the iguana!
HP restored.
There is an open door here.
Found a stone staircase leading down.
You hear a distant slurping noise.
There is a stone staircase leading up here.
An endoplasm comes into view.
The endoplasm quivers.
You tentacle-slap the endoplasm. You squeeze the endoplasm.
You kill the endoplasm!
You see here a book of Frost.
There is an open door here.
A jelly comes into view.
The jelly quivers.
You tentacle-slap the jelly.
Your tentacles burn!
You squeeze the jelly!
The jelly is heavily wounded.
The jelly hits you. The acid corrodes you!
You are splashed with acid.
You completely miss the jelly. You squeeze the jelly.
The jelly is heavily wounded.
The jelly hits you. The acid corrodes you!
You are splashed with acid!
You tentacle-slap the jelly but do no damage.
Your tentacles burn!
You squeeze the jelly.
The jelly is severely wounded.
The jelly closely misses you.
You tentacle-slap the jelly.
Your tentacles burn!
The jelly is severely wounded.
The jelly misses you.
You completely miss the jelly.
You squeeze the jelly, but do no damage.
The jelly is severely wounded.
The jelly hits you.
* * * LOW HITPOINT WARNING * * *
The acid corrodes you!
You are splashed with acid!
* * * LOW HITPOINT WARNING * * *
You tentacle-slap the jelly but do no damage.
The acid corrodes you!
Your tentacles burn!
You die...

####......#
#.........##########
###..................#
?...................# #
#..................#
#.##........#.........#
#...........#.........##
######+####......###...........
#.......).....h#.# #...........
#............J##.###...........
#.............#...##.........##
#..........#.##.P.#......^.....
#..........#. #...#............
#..........#. ##.##............
#..........# #.#######.######
#.......##### ##.## ######
#.....###...###...###...###


You could see a jelly.

Vanquished Creatures
  An iguana (D:4)
  Terence (D:3)
  4 gnolls (D:3)
  8 adders
  5 river rats (Sewer)
  2 worms
  7 orcs (D:3)
  6 ball pythons
  6 bats
  7 endoplasms
  5 giant cockroaches
  6 goblins
  4 hobgoblins
  2 jackals (D:2)
  4 kobolds
  2 quokkas
  10 frilled lizards
  10 rats
90 creatures vanquished.

Notes
Turn   | Place    | Note
-------+----------+-------------------------------------------
     0 | D:1      | LustLizard the Octopode Shapeshifter began the quest for
                  | the Orb.
     0 | D:1      | Reached XP level 1. HP: 13/13 MP: 1/1
   129 | D:1      | Reached XP level 2. HP: 8/18 MP: 2/2
   188 | D:1      | Reached skill level 1 in Stealth
   815 | D:2      | Reached XP level 3. HP: 23/23 MP: 3/3
  1125 | D:2      | Reached XP level 4. HP: 29/29 MP: 4/4
  1729 | D:3      | Found Cusutox's Weapon Boutique.
  1823 | D:3      | Found a glowing drain.
  1837 | D:3      | Reached skill level 4 in Unarmed Combat
  1887 | D:3      | Found Haunetof's Jewellery Shop.
  1926 | Sewer    | Entered a sewer
  1997 | Sewer    | Reached XP level 5. HP: 34/34 MP: 5/5
  2536 | D:3      | Found Zim Eba's General Store.
  2545 | D:3      | Bought a scroll of blinking for 82 gold pieces
  2923 | D:3      | Found Ohahoot's Distillery.
  2927 | D:3      | Bought a potion of curing for 36 gold pieces
  2967 | D:3      | Found Inurph's General Store.
  3110 | D:3      | Reached XP level 6. HP: 41/41 MP: 6/6
  3258 | D:3      | Noticed Terence
  3272 | D:3      | Killed Terence
  3716 | D:3      | Bought a potion of degeneration for 12 gold pieces
  3871 | D:4      | Found a transporter.
  3871 | D:4      | Found Ciuhadoj's General Store.
  3996 | D:4      | Found a white marble altar of Elyvilon.
  4344 | D:4      | Found a transporter.
  4632 | D:4      | Splashed by a jelly's acid

Illustrated notes

Levels and vault maps discovered:
D:1:      minmay_arrival_glassed_features, layout_loops_ring
D:2:      layout_basic, serial_curves, eino_curves_01, eino_curves_04
D:3:      layout_loops_corners, serial_shops, nicolae_shop_stone, shop, shop,
          nicolae_shop_tiny_waterfront, nicolae_shop_window_shopping,
          portal_sewer_entry_a, dk_noncrumbling_4, kennysheep_cross_room,
          uniq_terence
D:4:      layout_basic, elyvilon_altar_1, serial_shops, nicolae_shop_drivethru,
          kennysheep_small_spiral

Skill      XL: |  1  2  3  4  5 |
---------------+----------------+-----
Stealth        | 1 2 3 |  3.5
Fighting       | 2 |  2.8
Unarmed Combat | 4 |  4.9
Dodging        | |  2.0
Shapeshifting  | |  3.7

Action                     |  1- 3 |  4- 6 || total
---------------------------+-------+-------++-------
  Melee: Unarmed           |    48 |   124 ||   172
         Constrict         |    14 |    28 ||    42
         Tentacles         |    11 |    28 ||    39
         Punch             |     1 |     1 ||     2
    Use: Scroll            |       |     2 ||     2
   Stab: Sleeping          |     5 |     3 ||     8
 Armour: Skin              |     1 |     4 ||     5
  Dodge: Dodged            |    14 |    51 ||    65

Table legend: (Time is in decaauts)
 A = Elapsed time spent in this place.
 B = Non-inter-level travel time spent in this place.
 C = Inter-level travel time spent in this place.
 D = Time resting spent in this place.
 E = Time spent auto-exploring this place.
 F = Levels seen in this place.
 G = Mean time per level.
                   A        B        C        D        E       F      G
               +--------+--------+--------+--------+--------+-----+--------+
         Total |   4618 |   4275 |    343 |    142 |   2808 |   5 |  923.6 |
       Dungeon |   4013 |   3670 |    343 |     97 |   2585 |   4 | 1003.2 |
         Sewer |    604 |    604 |      0 |     45 |    223 |   1 |  604.0 |
               +--------+--------+--------+--------+--------+-----+--------+

Top non-repeatable levels by time:
     D:3: 1429 daAuts
     D:4: 913 daAuts
     D:2: 868 daAuts
     D:1: 801 daAuts
   Sewer: 604 daAuts
